 Dungeon Crawl Stone Soup version 0.31.0-11-ge490571c62 (webtiles) character file.

Game seed: 15012120105070254131

34 zazu2006 the Covered (level 3, 0/25 HPs)
             Began as a Gnoll Wanderer on Feb 3, 2024.
             Slain by an orc
             ... wielding a +0 trident
              (3 damage)
             ... on level 4 of the Dungeon.
             The game lasted 00:02:47 (253 turns).

zazu2006 the Covered (Gnoll Wanderer)                Turns: 253, Time: 00:02:47

Health: 0/25       AC: 10    Str: 11    XL:     3   Next: 31%
Magic:  7/9        EV:  7    Int: 11    God:
Gold:   39         SH:  0    Dex: 13    Spells: 12/12 levels left

rFire   . . .        a - +0 dagger
rCold   . . .        (no shield)
rNeg    . . .        c - +0 chain mail
rPois   .            (no helmet)
rElec   .            (no cloak)
rCorr   .            (no gloves)
SInv    .            (no boots)
Will    .....        (no amulet) Stlth
                     (no ring)
HPRegen 0.24/turn    (no ring)
MPRegen 0.11/turn

%: no passive effects
@: mighty
A: fangs 1, strong nose, distributed training
a: no special abilities


You were on level 4 of the Dungeon.
You visited 1 branch of the dungeon, and saw 4 of its levels.

You collected 39 gold pieces.

Inventory:

Hand Weapons
 a - a +0 dagger (weapon)
Missiles
 b - 6 boomerangs (quivered)
Armour
 c - a +0 chain mail (worn)
Scrolls
 d - a scroll of fear
 f - a scroll of teleportation {unknown}
 h - 2 scrolls of identify {unknown}


   Skills:
 + Level 0.8 Fighting
 + Level 0.8 Short Blades
 + Level 0.8 Long Blades
 + Level 0.8 Axes
 + Level 0.8 Maces & Flails
 + Level 0.8 Polearms
 + Level 0.8 Staves
 + Level 0.8 Ranged Weapons
 + Level 2.6 Throwing
 + Level 6.5 Armour
 + Level 4.5 Dodging
 + Level 0.8 Stealth
 + Level 0.8 Shields
 + Level 0.8 Unarmed Combat
 + Level 5.0 Spellcasting
 + Level 0.5 Conjurations
 + Level 0.5 Hexes
 + Level 0.5 Summonings
 + Level 3.7 Necromancy
 + Level 0.5 Translocations
 + Level 0.5 Fire Magic
 + Level 0.5 Ice Magic
 + Level 0.5 Air Magic
 + Level 0.5 Earth Magic
 + Level 0.5 Alchemy
 + Level 1.0 Invocations
 + Level 0.8 Evocations
 + Level 0.7 Shapeshifting


You had 12 spell levels left.
You didn't know any spells.
Your spell library contained the following spells:

 Spells                   Type           Power      Damage    Failure   Level
 Sublimation of Blood     Necr           11%        N/A       83%         2
 Cigotuvi's Dreadful Rot  Necr/Alch/Air  12%        N/A       98%         2
 Lesser Beckoning         Tloc           8%         N/A       99%         2
 Gell's Gravitas          Tloc           4%         N/A       100%        3
 Teleport Other           Tloc           4%         N/A       100%        3


Dungeon Overview and Level Annotations

Branches:
Dungeon (4/15)
 Temple: D:4-7

Altars:


Innate Abilities, Weirdness & Mutations

You have very sharp teeth.
Your uncanny sense of smell can sniff out nearby items.
Your experience applies equally to all skills.


Message History

An orc comes into view. It is wielding a +0 club.
The orc hits you with a +0 hand axe.
* * * LOW HITPOINT WARNING * * *
The orc hits you but does no damage. The orc hits you but does no damage.
The orc barely misses you. The orc attacks as it pursues you!
The orc barely misses you.
Throw: 2 darts (poison)
Press: ? - help, Shift-Dir - straight line, f/p - orc wizard
Aim: an orc wizard, wielding a +0 dagger and wearing a +0 robe (severely wounded, 45% to hit)
You throw a poisoned dart.
The poisoned dart misses the orc wizard.
Unknown command.
Throw: dart (poison)
Press: ? - help, Shift-Dir - straight line, f/p - orc wizard
Aim: an orc wizard, wielding a +0 dagger and wearing a +0 robe (severely wounded, 45% to hit)
You throw a poisoned dart. The poisoned dart hits the orc wizard.
The orc wizard is poisoned.
The orc wizard is severely wounded.
Throw: 6 boomerangs
Press: ? - help, Q - select action Shift-Dir - straight line, f/p - orc wizard
Aim: an orc wizard, wielding a +0 dagger and wearing a +0 robe (almost dead, poisoned, 45% to hit)
You throw a boomerang. The boomerang hits the orc wizard.
You kill the orc wizard!
Your Spellcasting skill increases to level 5!
Your Invocations skill increases to level 1!
You have reached level 3!
Your experience leads to an increase in your attributes!
Increase (S)trength, (I)ntelligence, or (D)exterity?
You feel stronger. x2
Throw: 6 boomerangs
Press: ? - help, Q - select action Shift-Dir - straight line, f - orc
Aim: an orc, wielding a +0 trident (54% to hit)
You throw a boomerang. The boomerang closely misses the orc.
The orc hits you from afar with a +0 trident.
* * * LOW HITPOINT WARNING * * *
It was a potion of might.
You feel very mighty all of a sudden. The orc barely misses you.
The orc hits you with a +0 trident.
You die... ∆ o.. #oo

#### .. ..#
.. #.#
#.#####.##
#.#...#..##
#.#...#@..#
#(...oo##+#
#.....o#
#(..<.<#
######## ∆


You could see 3 orcs.

Vanquished Creatures
  An orc wizard (D:4)
  A dart slug (D:1)
  An endoplasm (D:3)
  A goblin (D:2)
  A hobgoblin (D:1)
  A kobold (D:1)
  A frilled lizard (D:3)
  A rat (D:1)
8 creatures vanquished.

Notes
Turn   | Place    | Note
-------+----------+-------------------------------------------
     0 | D:1      | zazu2006 the Gnoll Wanderer began the quest for the Orb.
     0 | D:1      | zazu2006 set off with the following items: a +0 dagger, 6
                  | boomerangs, a +0 chain mail, a scroll of fear; and the
                  | following spells available to memorise: Sublimation of
                  | Blood, Cigotuvi's Dreadful Rot.
     0 | D:1      | Reached XP level 1. HP: 13/13 MP: 6/6
   119 | D:2      | Reached XP level 2. HP: 17/19 MP: 7/7
   251 | D:4      | Reached skill level 5 in Spellcasting
   251 | D:4      | Reached skill level 1 in Invocations
   251 | D:4      | Reached XP level 3. HP: 9/25 MP: 7/9
   253 | D:4      | Slain by an orc

Illustrated notes

Levels and vault maps discovered:
D:1:      lemuel_arrival_room, layout_basic
D:2:      layout_rooms, shapermc_ecumenical_altar_flowoftime, basic_altar
D:3:      layout_basic
D:4:      minmay_chambers_of_twos, layout_loops_ring,
          nicolae_overflow_crystal_walls, minmay_pentomino_pile

Skill      XL: |  1  2 |
---------------+-------+-----
Spellcasting   | 5 |  5.0
Invocations    | 1 |  1.0
Fighting       | |  0.8
Short Blades   | |  0.8
Long Blades    | |  0.8
Axes           | |  0.8
Maces & Flails | |  0.8
Polearms       | |  0.8
Staves         | |  0.8
Ranged Weapons | |  0.8
Throwing       | |  2.6
Armour         | |  6.5
Dodging        | |  4.5
Stealth        | |  0.8
Shields        | |  0.8
Unarmed Combat | |  0.8
Conjurations   | |  0.5
Hexes          | |  0.5
Summonings     | |  0.5
Necromancy     | |  3.7
Translocations | |  0.5
Fire Magic     | |  0.5
Ice Magic      | |  0.5
Air Magic      | |  0.5
Earth Magic    | |  0.5
Alchemy        | |  0.5
Evocations     | |  0.8
Shapeshifting  | |  0.7

Action                     || total
---------------------------++-------
  Melee: Dagger            ||    42
         Bite              ||     5
  Throw: Dart              ||     5
         Boomerang         ||     5
    Use: Potion            ||     1
 Armour: Chain mail        ||    35
  Dodge: Dodged            ||    19
